 Dungeon Crawl Stone Soup version 0.21.1-1-g345015f (webtiles) character file.

1936 Lapis the Shield-Bearer (level 9, -1/68 HPs)
             Began as a Naga Earth Elementalist on Feb 12, 2018.
             Was a Priest of Cheibriados.
             Slain by a two-headed ogre
             ... wielding a +0 giant spiked club
              (23 damage)
             ... on level 8 of the Dungeon.
             The game lasted 00:16:22 (7802 turns).

Lapis the Shield-Bearer (Naga Earth Elementalist)   Turns: 7802, Time: 00:16:23

Health: -1/68      AC: 12    Str: 22    XL:     9   Next: 17%
Magic:  4/15       EV:  8    Int: 26    God:    Cheibriados [***...]
Gold:   181        SH: 12    Dex: 25    Spells: 1/16 levels left

rFire    . . .     SeeInvis +   F - +0 long sword
rCold    + . .     Gourm    .   k - +0 buckler
rNeg     . . .     Faith    .   A - +0 ring mail of the Barnacle {Str+3}
rPois    +         Spirit   .   (no helmet)
rElec    .         Reflect  +   (no cloak)
rCorr    .         Harm     .   r - +0 pair of gloves
MR       +....                  y - +0 naga barding
Stlth    ++........             G - +5 amulet of reflection
HPRegen  0.21/turn              m - ring of protection from cold
MPRegen  0.14/turn              E - +5 ring of dexterity

@: very slow
A: large, see invisible, deformed body, poison resistance, slowness 2, slow
metabolism 1, spit poison 1, AC +3
a: Spit Poison, Bend Time, Temporal Distortion, Renounce Religion


You were on level 8 of the Dungeon.
You worshipped Cheibriados.
Cheibriados was most pleased with you.
You were hungry.

You visited 1 branch of the dungeon, and saw 8 of its levels.

You collected 388 gold pieces.
You spent 207 gold pieces at shops.

Inventory:

Hand Weapons
 a - a +0 spear
 F - a +0 long sword (weapon)
Missiles
 b - 52 stones (quivered)
Armour
 k - a +0 buckler (worn)
 r - a +0 pair of gloves (worn)
 t - a +0 robe of magic resistance
 w - a +0 shield
 y - a +0 naga barding (worn)
 A - the +0 ring mail of the Barnacle (worn) {Str+3}
   (You bought it in a shop on level 5 of the Dungeon)

   It affects your strength (+3).
Jewellery
 m - a ring of protection from cold (left hand)
 E - a +5 ring of dexterity (right hand)
 G - a +5 amulet of reflection (around neck)
Wands
 u - a wand of polymorph (3)
 D - a wand of enslavement (20)
 H - a wand of paralysis (16)
Scrolls
 f - 8 scrolls of identify
 g - 4 scrolls of remove curse
 h - 3 scrolls of enchant armour {unknown}
 n - 2 scrolls of teleportation {unknown}
 p - 2 scrolls of enchant weapon {unknown}
 v - a scroll of fog {unknown}
 C - a scroll of noise {unknown}
Potions
 c - 2 potions of heal wounds {unknown}
 i - 3 potions of curing
 l - 2 potions of lignification {unknown}
 o - 2 potions of resistance {unknown}
 q - a potion of flight
 z - a potion of might
 J - 2 potions of cancellation {unknown}
Books
 e - a book of Geomancy

   Spells                             Type                      Level
   a - Sandblast                      Earth                        1
   b - Passwall                       Transmutation/Earth          2
   c - Stone Arrow                    Conjuration/Earth            3
   d - Petrify                        Transmutation/Earth          4
   e - Lee's Rapid Deconstruction     Earth                        5
 s - a book of Cantrips

   Spells                             Type                      Level
   a - Confusing Touch                Hexes                        1
   b - Animate Skeleton               Necromancy                   1
   c - Summon Small Mammal            Summoning                    1
   d - Apportation                    Translocation                1
 x - a book of Battle

   Spells                             Type                      Level
   a - Infusion                       Charms                       1
   b - Shroud of Golubria             Charms/Translocation         2
   c - Song of Slaying                Charms                       2
   d - Spectral Weapon                Hexes/Charms                 3
   e - Regeneration                   Charms/Necromancy            3
Comestibles
 d - 7 rations


   Skills:
 - Level 5.0 Armour
 + Level 1.9 Dodging
 - Level 3.0 Stealth
 - Level 5.4 Shields
 + Level 4.2 Spellcasting
 * Level 2.3 Conjurations
 - Level 1.0 Transmutations
 + Level 5.4 Earth Magic
 * Level 2.3 Invocations


You had one spell level left.
You knew the following spells:

 Your Spells              Type           Power        Failure   Level  Hunger
a - Sandblast             Erth           ####..       1%          1    None
b - Passwall              Tmut/Erth      ###.......   5%          2    None
c - Stone Arrow           Conj/Erth      ####..       8%          3    ##.....
d - Petrify               Tmut/Erth      ###.....     34%         4    ####...
e - Lee's Rapid Deconstr  Erth           ####......   36%         5    #####..


Dungeon Overview and Level Annotations

Branches:
Dungeon (8/15)             Temple (0/1) D:6
   Lair: D:8-11

Altars:
Ashenzari
Cheibriados
Okawaru
Sif Muna
Wu Jian
Yredelemnul
Zin

Shops:
D:5 [   D:7 *


Innate Abilities, Weirdness & Mutations

You cannot wear boots.
Your serpentine skin is tough. (AC +3)
You have supernaturally acute eyesight. (SInv)
Armour fits poorly on your strangely shaped body.
Your system is resistant to poisons. (rPois)
You cover ground very slowly.
You have a slow metabolism.
You can spit poison.


Message History

The two-headed ogre closely misses you.
Casting: Sandblast
Confirm with . or Enter, or press ? or * to list all spells.
Aiming: Sandblast
Press: ? - help, Shift-Dir - straight line, f/p - two-headed ogre
Aim: a two-headed ogre, wielding a giant spiked club and a giant club (severely wounded)
The blast of sand hits the two-headed ogre.
The two-headed ogre is almost dead.
b - 53 stones You block the two-headed ogre's attack.
The two-headed ogre hits you with a giant club.
Casting: Sandblast
Confirm with . or Enter, or press ? or * to list all spells.
Aiming: Sandblast
Press: ? - help, Shift-Dir - straight line, f/p - two-headed ogre
Aim: a two-headed ogre, wielding a giant spiked club and a giant club (almost dead)
The blast of sand misses the two-headed ogre.
b - 52 stones The two-headed ogre hits you with a giant spiked club!!
You die...

.# ######.##..#.# .#
##.###.#.#
.##########......#.#
.........##......#.#
.......#.##......#.#
.......#..........##
....)..###........##
.......# #.........#
#....### #.#####@#.#
#....# #.# #O#.#
#....#####.# #.#.#
#........#.##......#
...........##......#
.........####.......#
.####....# #.........
. #....# #.......###
#....# #........


You could see a two-headed ogre.

Vanquished Creatures
  Sigmund (D:4)
  A wyvern (D:8)
  Eustachio (D:5)
  Duvessa (D:4)
  A phantom (D:4)
  An ogre (D:6)
  2 bullfrogs
  Dowan (D:4)
  A scorpion (D:4)
  A centaur zombie (D:7)
  5 hounds
  2 jellies
  4 crimson imps
  A bullfrog skeleton (D:5)
  An orc priest (D:4)
  3 orc wizards
  7 worker ants
  4 gnolls (D:2)
  A howler monkey skeleton (D:8)
  7 adders
  2 oozes
  An adder skeleton (D:4)
  4 worms
  8 dart slugs
  3 leopard geckos
  15 orcs
  2 ball pythons
  3 giant cockroaches
  13 hobgoblins
  15 jackals
  7 kobolds
  6 quokkas
  6 bats
  10 frilled lizards
  8 goblins
  A jackal zombie (D:8)
  A leopard gecko zombie (D:6)
  A quokka skeleton (D:5)
  A quokka zombie (D:4)
  7 rats
160 creatures vanquished.

Notes
Turn   | Place    | Note
-------+----------+-------------------------------------------
     0 | D:1      | Lapis the Naga Earth Elementalist began the quest for the Orb.
     0 | D:1      | Reached XP level 1. HP: 15/15 MP: 3/3
   285 | D:1      | Reached XP level 2. HP: 13/22 MP: 0/5
   574 | D:1      | Learned a level 2 spell: Passwall
   805 | D:1      | Reached XP level 3. HP: 13/28 MP: 1/6
   966 | D:1      | Learned a level 3 spell: Stone Arrow
  1549 | D:2      | Reached XP level 4. HP: 36/36 MP: 6/8
  1706 | D:2      | Reached skill level 1 in Conjurations
  1991 | D:2      | Reached XP level 5. HP: 16/42 MP: 4/9
  2176 | D:2      | Learned a level 4 spell: Petrify
  2280 | D:2      | Reached skill level 1 in Shields
  2493 | D:2      | You fall through a shaft for 2 floors!
  3023 | D:3      | Found a basalt altar of Yredelemnul.
  3023 | D:3      | Found a glowing silver altar of Zin.
  3023 | D:3      | Found a shattered altar of Ashenzari.
  3035 | D:3      | Found a snail-covered altar of Cheibriados.
  3039 | D:3      | Became a worshipper of Cheibriados the Contemplative
  3139 | D:3      | HP: 1/42 [adder (3)]
  3392 | D:3      | Found a faded altar of an unknown god.
  3628 | D:3      | Reached XP level 6. HP: 49/49 MP: 8/10
  4020 | D:4      | Reached * piety under Cheibriados
  4072 | D:4      | Noticed Sigmund
  4078 | D:4      | Killed Sigmund
  4078 | D:4      | Reached XP level 7. HP: 54/55 MP: 5/11
  4098 | D:4      | HP: 2/55 [hound (2)]
  4418 | D:4      | Noticed Duvessa
  4419 | D:4      | Noticed Dowan
  4441 | D:4      | Killed Duvessa
  4441 | D:4      | Reached skill level 5 in Shields
  4453 | D:4      | Killed Dowan
  5044 | D:4      | Reached skill level 1 in Invocations
  5050 | D:4      | Reached XP level 8. HP: 55/62 MP: 5/13
  5051 | D:4      | Reached ** piety under Cheibriados
  5253 | D:5      | Entered Level 5 of the Dungeon
  5283 | D:5      | Found Pulorch's Armour Shop.
  5311 | D:5      | Reached skill level 5 in Earth Magic
  5677 | D:5      | Found a deep blue altar of Sif Muna.
  5733 | D:5      | Noticed Eustachio
  5741 | D:5      | Killed Eustachio
  5828 | D:5      | Bought the +0 ring mail of the Barnacle {Str+3} for 207 gold pieces
  5844 | D:5      | Learned a level 5 spell: Lee's Rapid Deconstruction
  6028 | D:6      | Reached skill level 1 in Armour
  6198 | D:6      | Found an ornate altar of the Wu Jian Council.
  6324 | D:6      | Found a staircase to the Ecumenical Temple.
  6350 | D:6      | Reached *** piety under Cheibriados
  6885 | D:7      | Found an iron altar of Okawaru.
  7213 | D:7      | Found Ethijar's Assorted Antiques.
  7425 | D:8      | Reached XP level 9. HP: 68/68 MP: 13/15
  7495 | D:8      | Reached skill level 5 in Armour
  7786 | D:8      | Noticed a two-headed ogre
  7802 | D:8      | Slain by a two-headed ogre

Skill      XL: |  1  2  3  4  5  6  7  8  9 |
---------------+----------------------------+-----
Earth Magic    | 4 5 |  5.4
Spellcasting   | 3 4 |  4.2
Conjurations   | 1 2 |  2.3
Shields        | 2 4 5 |  5.4
Invocations    | 1 2 |  2.3
Armour         | 4 5 |  5.0
Dodging        | |  1.9
Stealth        | |  3.0
Transmutations | |  1.0

Action                   |  1- 3 |  4- 6 |  7- 9 || total
-------------------------+-------+-------+-------++-------
Melee: Spear             |    82 |   143 |    55 ||   280
       Long sword        |       |       |    37 ||    37
 Cast: Sandblast         |    19 |    53 |   141 ||   213
       Petrify           |       |       |     1 ||     1
 Abil: Spit Poison       |     3 |     5 |     3 ||    11
  Use: Potion            |     3 |     1 |     1 ||     5
       Scroll            |       |       |     3 ||     3
 Stab: Sleeping          |     2 |    12 |     4 ||    18
       Distracted        |     1 |       |       ||     1
  Eat: Chunk             |     1 |     8 |     6 ||    15
Armor: Robe              |     9 |    28 |    21 ||    58
       Ring mail         |       |       |    33 ||    33
Dodge: Dodged            |    40 |    68 |    81 ||   189
Block: Buckler           |       |    18 |    80 ||    98
       Rpst.: Long sword |       |       |     3 ||     3
